 Dungeon Crawl Stone Soup version 0.32-a0-520-g344ed53f66 (webtiles) character file.

Game seed: 4956887887964795323

1920 sleeves the Covert (level 8, -2/37 HPs)
             Began as a Spriggan Shapeshifter on Feb 28, 2024.
             Was an Initiate of Hepliaklqana.
             Killed from afar by a steam dragon (11 damage)
             ... with a ball of steam
             ... on level 6 of the Dungeon.
             The game lasted 00:24:46 (7287 turns).

sleeves the Covert (Spriggan Shapeshifter)          Turns: 7287, Time: 00:24:46

Health: -2/37      AC:  8    Str: 10    XL:     8   Next: 96%
Magic:  9/9        EV: 21    Int: 13    God:    Hepliaklqana [......]
Gold:   262        SH:  0    Dex: 15    Spells: 7/7 levels left

rFire   . . .        i - +3 dagger
rCold   . . .        (no shield)
rNeg    + . .        x - +2 robe {rN+}
rPois   .            (helmet restricted)
rElec   .            q - scarf {shadows}
rCorr   .            (gloves unavailable)
SInv    +            (boots unavailable)
Will    ++...        (no amulet)
Stlth   +++++        m - +4 ring of protection
HPRegen 0.26/turn    f - ring of willpower
MPRegen 0.11/turn

%: no passive effects
@: very quick
A: very small, no large weapons, unfitting armour, see invisible, speed 3
a: Renounce Religion


You were on level 6 of the Dungeon.
You worshipped Hepliaklqana.
Hepliaklqana was noncommittal.
You visited 2 branches of the dungeon, and saw 7 of its levels.

You collected 262 gold pieces.

Inventory:

Hand Weapons
 i - a +3 dagger (weapon)
   (You took it off an orc on level 4 of the Dungeon)
 n - a +0 sling
   (You found it on level 2 of the Dungeon)
 G - a +5 long sword
   (You took it off a wight on level 6 of the Dungeon)
Missiles
 B - a throwing net
Armour
 q - a scarf of shadows (worn)
   (You found it on level 2 of the Dungeon)
 x - a +2 robe of positive energy (worn)
   (You found it on level 3 of the Dungeon)
Jewellery
 f - a ring of willpower (right hand)
   (You found it on level 1 of the Dungeon)
 m - a +4 ring of protection (left hand)
   (You found it on level 2 of the Dungeon)
 C - a ring of flight
   (You took it off a gnoll bouda on level 4 of the Dungeon)
Talismans
 c - a beast talisman
 d - a flux talisman
Wands
 a - a wand of quicksilver (9)
   (You found it on level 5 of the Dungeon)
 u - a wand of flame (8) (quivered)
   (You found it on level 4 of the Dungeon)
Scrolls
 b - a scroll of brand weapon {unknown}
 g - a scroll of blinking {unknown}
 h - a scroll of amnesia {unknown}
 j - 2 scrolls of noise {unknown}
 r - 3 scrolls of teleportation {unknown}
 v - a scroll of fear {unknown}
 w - a scroll of silence {unknown}
 y - a scroll of identify {unknown}
 E - a scroll of fog {unknown}
Potions
 e - 3 potions of curing {unknown}
 k - 2 potions of magic {unknown}
 l - 3 potions of heal wounds {unknown}
 o - a potion of cancellation {unknown}
 p - a potion of berserk rage {unknown}
 t - a potion of haste {unknown}
 z - 2 potions of might {unknown}
 A - a potion of lignification
 D - a potion of enlightenment {unknown}
 F - a potion of attraction {unknown}


   Skills:
 - Level 0.7 Fighting
 + Level 6.2 Short Blades
 + Level 7.5 Dodging
 + Level 12.2 Stealth
 - Level 2.4 Unarmed Combat
 + Level 3.1 Evocations
 - Level 4.0 Shapeshifting


You had 7 spell levels left.
You didn't know any spells.
Your spell library contained the following spells:

 Spells                   Type           Power      Damage    Failure   Level
 Kiss of Death            Conj/Necr      0%         2d5       30%         1
 Sting                    Conj/Alch      0%         1d3       30%         1
 Mercury Vapours          Alch/Air       0%         N/A       43%         2
 Confusing Touch          Hex            0%         N/A       67%         3
 Fugue of the Fallen      Necr           0%         N/A       67%         3
 Ozocubu's Armour         Ice            0%         N/A       67%         3
 Dispel Undead            Necr           0%         3d6       97%         4
 Manifold Assault         Tloc           0%         N/A       97%         4
 Olgreb's Toxic Radiance  Alch           0%         N/A       97%         4


Dungeon Overview and Level Annotations

Branches:
Dungeon (6/15)             Temple (1/1) D:6

Altars:
Ashenzari
Cheibriados
Dithmenos
Elyvilon
Fedhas
Gozag
Hepliaklqana
Kikubaaqudgha
Nemelex Xobeh
Okawaru
Qazlal
Ru
Sif Muna
Trog
Uskayaw
Vehumet
Wu Jian
Xom
Zin
The Shining One


Innate Abilities, Weirdness & Mutations

You are very small and have problems with some larger weapons.
You are too small for most types of armour.
You have supernaturally acute eyesight. (SInv)
You cover ground extremely quickly. (Speed+++)


Message History

The iguana is lightly wounded.
You hit the iguana.
The iguana is moderately wounded.
The iguana completely misses you.
You hit the iguana.
The iguana is moderately wounded.
The iguana closely misses you.
You closely miss the iguana.
The iguana is moderately wounded.
The iguana completely misses you.
You hit the iguana.
The iguana is heavily wounded.
You hit the iguana.
The iguana is heavily wounded.
The iguana closely misses you.
You hit the iguana but do no damage.
The iguana is heavily wounded.
The iguana bites you!
You hit the iguana.
The iguana is severely wounded.
The iguana completely misses you.
You hit the iguana.
The iguana is severely wounded.
You hit the iguana.
The iguana is almost dead.
The iguana closely misses you.
You barely miss the iguana.
The iguana is almost dead.
The iguana completely misses you.
You hit the iguana but do no damage.
The iguana is almost dead.
The iguana barely misses you.
You hit the iguana but do no damage.
The iguana is almost dead.
You hit the iguana.
The iguana is almost dead.
The iguana misses you.
You barely miss the iguana.
The iguana is almost dead.
The iguana misses you.
You closely miss the iguana.
The iguana is almost dead.
The iguana bites you.
You barely miss the iguana.
The iguana is almost dead.
You hit the iguana.
You kill the iguana!
Your Dodging skill increases to level 6!
You start resting.
HP restored.
b - a +0 dagger (weapon)
A gnoll comes into view. It is wielding a +0 spear.
A gnoll comes into view. It is wielding a +0 spear.
The gnoll shouts! x2; You hear a shout!
An orc comes into view. It is wielding a +3 dagger.
An orc is nearby!
An orc is nearby!
You throw a boomerang. The orc shouts!
The boomerang hits the orc.
The orc is heavily wounded.
You hear a shout!
You throw a boomerang. The boomerang closely misses the orc.
Nothing quivered!
You hit the orc.
The orc is heavily wounded.
You hit the orc but do no damage.
The orc is heavily wounded.
The orc hits you but does no damage.
You closely miss the orc.
The orc is heavily wounded.
The orc barely misses you.
There is an escape hatch in the ceiling here.
The orc hits you with a +3 dagger. A mysterious force pulls you upwards.
The hatch slams shut behind you.
a - a +0 short sword (weapon)
The orc completely misses you.
You closely miss the orc.
The orc is heavily wounded.
You hit the orc but do no damage.
The orc is heavily wounded.
The orc completely misses you.
You hit the orc.
The orc is severely wounded.
The orc barely misses you.
You barely miss the orc.
The orc is severely wounded.
The orc hits you but does no damage.
You hit the orc.
You kill the orc!
No target in view!
No target in view!
No target in view!
No target in view!
No target in view!
No target in view!
No target in view!
No target in view!
No target in view!
No target in view!
You see here a +3 dagger.
i - a +3 dagger
i - a +3 dagger (weapon)
You drop a +0 short sword.
You drop a +0 dagger.
HP restored.
There is a stone staircase leading down here.
You climb downwards.
There is a stone staircase leading up here.
You're wearing all the rings you can.
Remove which one? (? for menu, Esc to cancel) < or
m - a +4 ring of protection; > or
f - a ring of willpower
Okay, then.
Unknown command.
Unknown command.
Okay, then.
Unknown command.
You open the door.
A scorpion comes into view.
A scorpion is nearby!
A scorpion is nearby!
There is an open door here.
The helpless scorpion fails to defend itself.
You perforate the scorpion like a sieve!!!
You kill the scorpion!
You open the door.
There is an open door here.
You open the door.
An ogre comes into view. It is wielding a +0 giant spiked club.
An ogre is nearby!
There is an open door here.
The helpless ogre fails to defend itself.
You skewer the ogre like a kebab!!!
You kill the ogre!
You open the door.
A scorpion comes into view.
There is an open door here.
A scorpion is nearby!
A scorpion is nearby!
The helpless scorpion fails to defend itself.
You spit the scorpion like a pig!!!
You kill the scorpion!
You open the door.
An orc comes into view. It is wielding a +0 dagger.
Found 18 gold pieces and a short fluorescent wand.
An orc is nearby!
There is an open door here.
The helpless orc fails to defend itself.
You spit the orc like a pig!!!!
You kill the orc!
You now have 245 gold pieces (gained 18).
a - a wand of quicksilver (9)
You open the door.
A gnoll bouda comes into view. It is wielding a +0 club.
There is an open door here.
The helpless gnoll bouda fails to defend itself.
You spit the gnoll bouda like a pig!!!
You kill the gnoll bouda!
You open the door.
There is an open door here.
You open the door.
A scorpion comes into view.
Found four items.
A scorpion is nearby!
A scorpion is nearby!
An ogre comes into view. It is wielding a +0 giant club.
Found a flail, 17 gold pieces and a scroll labelled LAT HIN MAE.
The ogre shouts!
There is an open door here.
There is an open door here.
You hit the scorpion but do no damage. You hit the scorpion but do no damage.
The scorpion closely misses you.
You barely miss the scorpion. The scorpion closely misses you.
You closely miss the scorpion. The scorpion stings you.
You hit the scorpion.
The scorpion is moderately wounded.
The scorpion stings you.
You are poisoned.
The scorpion poisons you!
You hit the scorpion.
The scorpion is moderately wounded.
You feel very sick. The scorpion closely misses you.
You feel sick.
You feel sick.
There is an open door here.
You feel sick.
You feel sick.
You feel sick.
There is an open door here.
You feel sick.
You feel sick.
You feel sick.
There is an open door here.
You close the door.
You feel sick.
You feel sick.
There is an open door here.
You feel sick.
You are no longer poisoned.
There is an open door here.
You close the door.
You start resting.
An ogre opens the door.
It is wielding a +0 giant club.
There is an open door here.
You close the door.
There is an open door here.
You start resting.
HP restored.
There is an open door here.
You open the door.
Found a sling.
There is an open door here.
You open the door.
There is an open door here.
There is an open door here.
You now have 262 gold pieces (gained 17).
You see here a +0 scale mail.
b - a scroll labelled PYELOVOUSE
D - a metallic golden potion
E - a scroll labelled LAT HIN MAE
There is an open door here.
There is an open door here.
There is an open door here.
There is an open door here.
A kobold comes into view.
It is wielding a staff of fire and carrying a wand of flame.
Found a radiant altar of Vehumet.
You catch the helpless kobold completely off-guard!
You impale the kobold!!
You kill the kobold!
u - a wand of flame (26) (gained 25 charges)
Things that are here:
a staff of fire; a kobold corpse
r - 3 scrolls labelled QESTOAR LESEL (gained 1)
You barely miss the orc.
The orc shouts!
You hit the orc but do no damage. The orc completely misses you.
You hit the orc.
The orc is lightly wounded.
The orc hits you but does no damage.
You hit the orc but do no damage.
The orc is lightly wounded.
The orc misses you.
You completely miss the orc.
The orc is lightly wounded.
You hit the orc but do no damage.
The orc is lightly wounded.
The orc completely misses you.
You hit the orc.
The orc is severely wounded.
The orc hits you with a +0 mace.
You hit the orc but do no damage.
The orc is severely wounded.
The orc completely misses you.
You hit the orc.
The orc is almost dead.
You barely miss the orc.
The orc is almost dead.
The orc closely misses you.
You hit the orc.
You kill the orc!
No target in view!
A gnoll is nearby!
A gnoll is nearby!
A gnoll is nearby!
The gnoll shouts!
The gnoll closely misses you.
The gnoll shouts! x2
You hit the gnoll.
The gnoll is lightly wounded.
The gnoll hits you with a +0 spear. The gnoll barely misses you.
The gnoll misses you.
The gnoll hits you but does no damage. x2
There is a stone staircase leading up here.
The gnoll hits you but does no damage. The gnoll closely misses you.
The gnoll hits you but does no damage.
There is a stone staircase leading up here.
The gnoll hits you but does no damage. The gnoll completely misses you.
The gnoll misses you.
You climb upwards.
There is a stone staircase leading down here.
Things that are here:
a +3 leather armour; a +0 whip You hit the gnoll.
The gnoll is lightly wounded.
You hit the gnoll but do no damage.
The gnoll is lightly wounded.
The gnoll closely misses you.
You closely miss the gnoll. The gnoll closely misses you.
You closely miss the gnoll. You hit the gnoll.
The gnoll is moderately wounded.
The gnoll closely misses you.
You hit the gnoll.
The gnoll is moderately wounded.
The gnoll hits you with a +0 spear.
You hit the gnoll.
The gnoll is heavily wounded.
The gnoll hits you with a +0 spear.
You hit the gnoll.
The gnoll is severely wounded.
You hit the gnoll.
The gnoll is almost dead.
The gnoll misses you.
You closely miss the gnoll.
The gnoll is almost dead.
The gnoll misses you.
You closely miss the gnoll.
The gnoll is almost dead.
The gnoll misses you.
You hit the gnoll.
The gnoll is almost dead.
You hit the gnoll.
You kill the gnoll!
No target in view!
You start resting.
HP restored.
You climb downwards.
The gnoll hits you from afar with a +0 spear!
There is a stone staircase leading up, spattered with blood here.
There is a stone staircase leading up, spattered with blood here.
The gnoll completely misses you.
You climb upwards.
There is a stone staircase leading down here.
Things that are here:
a +3 leather armour; a +0 whip You hit the gnoll.
The gnoll is moderately wounded.
The gnoll hits you with a +0 spear.
You hit the gnoll but do no damage.
The gnoll is moderately wounded.
The gnoll barely misses you.
You hit the gnoll.
The gnoll is heavily wounded.
The gnoll closely misses you.
You barely miss the gnoll.
The gnoll is heavily wounded.
You hit the gnoll.
The gnoll is severely wounded.
The gnoll completely misses you.
You hit the gnoll.
The gnoll is severely wounded.
The gnoll closely misses you.
You hit the gnoll.
You kill the gnoll!
No target in view!
No target in view!
No target in view!
No target in view!
No target in view!
No target in view!
No target in view!
No target in view!
No target in view!
No target in view!
No target in view!
You start resting.
HP restored.
You climb downwards.
There is a stone staircase leading up, spattered with blood here.
The gnoll misses you.
You closely miss the gnoll. You hit the gnoll.
The gnoll is lightly wounded.
The gnoll completely misses you.
You hit the gnoll.
The gnoll is moderately wounded.
The gnoll completely misses you.
You closely miss the gnoll.
The gnoll is moderately wounded.
You closely miss the gnoll.
The gnoll is moderately wounded.
The gnoll hits you with a +0 spear.
You hit the gnoll.
The gnoll is heavily wounded.
The gnoll closely misses you.
You closely miss the gnoll.
The gnoll is heavily wounded.
The gnoll closely misses you.
You hit the gnoll.
The gnoll is severely wounded.
You hit the gnoll.
You kill the gnoll!
No target in view!
No target in view!
No target in view!
HP restored.
Done exploring.
Done exploring.
Done exploring.
Done exploring.
An orc is nearby!
You barely miss the orc.
The orc shouts!
The orc hits you but does no damage.
You barely miss the orc. You hit the orc.
The orc is heavily wounded.
The orc hits you with a +0 whip.
You completely miss the orc.
The orc is heavily wounded.
The orc misses you.
You hit the orc.
You kill the orc!
No target in view!
No target in view!
No target in view!
No target in view!
Done exploring.
Done exploring.
Done exploring.
Done exploring.
You see here a +0 whip.
The orc shouts!
You hit the orc.
The orc is moderately wounded.
The orc misses you.
You closely miss the orc.
The orc is moderately wounded.
The orc hits you but does no damage.
You barely miss the orc.
The orc is moderately wounded.
You hit the orc.
The orc is almost dead.
The orc hits you but does no damage.
You hit the orc.
You kill the orc!
No target in view!
No target in view!
There is a stone staircase leading down here.
You climb downwards.
The water moccasin bites you but does no damage.
The water moccasin closely misses you.
There is a stone staircase leading up here.
The water moccasin closely misses you.
You climb upwards.
There is a stone staircase leading down here.
The water moccasin attacks as it pursues you!
The water moccasin bites you.
The water moccasin attacks as it pursues you!
The water moccasin bites you.
There is a stone staircase leading down here.
There is a stone staircase leading up here.
Aiming: Throw Flame
Press: ? - help, Shift-Dir - straight line, f - water moccasin
Aim: a water moccasin (48% to hit)
The puff of flame hits the water moccasin.
The water moccasin is lightly wounded.
Aiming: Throw Flame
Press: ? - help, Shift-Dir - straight line, f/p - water moccasin
Aim: a water moccasin (lightly wounded, 48% to hit)
The puff of flame misses the water moccasin.
Okay, then.
The water moccasin misses you.
You climb upwards.
There is a stone staircase leading down here.
The water moccasin attacks as it pursues you!
The water moccasin barely misses you.
Aiming: Throw Flame
Press: ? - help, Shift-Dir - straight line, f - water moccasin
Aim: a water moccasin (lightly wounded, 48% to hit)
The puff of flame hits the water moccasin.
The water moccasin is moderately wounded.
Aiming: Throw Flame
Press: ? - help, Shift-Dir - straight line, f/p - water moccasin
Aim: a water moccasin (moderately wounded, 48% to hit)
The puff of flame hits the water moccasin.
The water moccasin is heavily wounded.
The water moccasin bites you.
Aiming: Throw Flame
Press: ? - help, Shift-Dir - straight line, f/p - water moccasin
Aim: a water moccasin (heavily wounded, 48% to hit)
The puff of flame misses the water moccasin.
The water moccasin closely misses you.
The water moccasin completely misses you.
Aiming: Throw Flame
Press: ? - help, Shift-Dir - straight line, f/p - water moccasin
Aim: a water moccasin (heavily wounded, 48% to hit)
The puff of flame hits the water moccasin.
The water moccasin is heavily wounded.
The water moccasin barely misses you.
Unknown command.
Aiming: Throw Flame
Press: ? - help, Shift-Dir - straight line, f/p - water moccasin
Aim: a water moccasin (heavily wounded, 48% to hit)
The puff of flame misses the water moccasin.
The water moccasin completely misses you.
Aiming: Throw Flame
Press: ? - help, Shift-Dir - straight line, f/p - water moccasin
Aim: a water moccasin (heavily wounded, 48% to hit)
The puff of flame hits the water moccasin.
The water moccasin is severely wounded.
The water moccasin misses you.
The water moccasin bites you but does no damage.
Aiming: Throw Flame
Press: ? - help, Shift-Dir - straight line, f/p - water moccasin
Aim: a water moccasin (severely wounded, 48% to hit)
The puff of flame hits the water moccasin.
The water moccasin is severely wounded.
The water moccasin misses you.
You closely miss the water moccasin.
The water moccasin is severely wounded.
The water moccasin barely misses you.
You hit the water moccasin.
The water moccasin is almost dead.
The water moccasin completely misses you.
The water moccasin misses you.
You hit the water moccasin.
The water moccasin is almost dead.
The water moccasin misses you.
You hit the water moccasin.
You kill the water moccasin!
Your Evocations skill increases to level 1!
No target in view!
No target in view!
There is a stone staircase leading down here.
You climb downwards.
There is a stone staircase leading up here.
An orc priest is nearby!
An orc priest is nearby!
An orc priest is nearby!
The orc priest mumbles some strange prayers to Beogh against you.
Beogh smites you!
You hit the orc priest.
The orc priest shouts, "Surrender to Beogh and we'll let you live!"
The orc priest is moderately wounded.
You hit the orc priest.
The orc priest is heavily wounded.
The orc priest shouts, "The Pantheon deserves no one's loyalty.
Let us show you the true path!"
The orc priest casts a cantrip, but nothing happens.
The orc priest threatens, "Beogh's wrath is as vast as their mercy.
Make your choice!"
You hit the orc priest.
The orc priest is severely wounded.
The orc priest hits you with a +0 hand axe.
You are too injured to fight recklessly!
You are too injured to fight recklessly!
You are too injured to fight recklessly!
You are too injured to fight recklessly!
You are too injured to fight recklessly!
You barely miss the orc priest.
The orc priest is severely wounded.
You hit the orc priest.
The orc priest is almost dead.
The orc priest casts a cantrip, but nothing happens.
You hit the orc priest.
The orc priest is almost dead.
The orc priest completely misses you.
You hit the orc priest.
You kill the orc priest!
Your Dodging skill increases to level 7!
HP restored.
Done exploring.
Done exploring.
Done exploring.
Done exploring.
Done exploring.
Done exploring.
Done exploring.
There is a stone staircase leading down here.
You climb downwards.
There is a stone staircase leading up here.
There is a stone staircase leading up here.
An adder comes into view.
An adder is nearby!
An adder is nearby!
Found a staircase to the Ecumenical Temple.
There is a fountain of clear blue water here.
The adder bites you but does no damage.
You barely miss the adder. The adder closely misses you.
You closely miss the adder. You barely miss the adder. The adder misses you.
You hit the adder.
The adder is moderately wounded.
The adder completely misses you.
You hit the adder but do no damage.
The adder is moderately wounded.
The adder closely misses you.
You closely miss the adder.
The adder is moderately wounded.
The adder barely misses you.
You barely miss the adder.
The adder is moderately wounded.
The adder bites you but does no damage.
You hit the adder.
The adder is severely wounded.
The adder misses you.
You hit the adder.
You kill the adder!
No target in view!
No target in view!
No target in view!
No target in view!
You see here an adder corpse.
There is a staircase to the Ecumenical Temple here.
You climb downwards.
Welcome to the Ecumenical Temple!
Found a staircase back to the Dungeon.
There is a staircase back to the Dungeon here.
Done exploring.
Done exploring.
Done exploring.
Done exploring.
Done exploring.
There is a hazy altar of Hepliaklqana here.
You kneel at the altar of Hepliaklqana.
You kneel at the altar of Hepliaklqana.
Hepliaklqana welcomes you!
There is a staircase back to the Dungeon here.
You can't go down here!
You climb upwards.
Welcome back to the Dungeon!
There is a staircase to the Ecumenical Temple here.
Okay, then.
There is a fountain of clear blue water here.
A howler monkey comes into view.
A howler monkey is nearby!
The howler monkey howls!
You hit the howler monkey.
The howler monkey is moderately wounded.
The howler monkey hits you.
You barely miss the howler monkey.
The howler monkey is moderately wounded.
The howler monkey barely misses you.
You hit the howler monkey.
The howler monkey is heavily wounded.
The howler monkey hits you.
You closely miss the howler monkey.
The howler monkey is heavily wounded.
The howler monkey barely misses you.
You puncture the howler monkey!
The howler monkey is almost dead.
You hit the howler monkey.
The howler monkey is almost dead.
The howler monkey closely misses you.
You closely miss the howler monkey.
The howler monkey is almost dead.
The howler monkey hits you but does no damage.
You closely miss the howler monkey.
The howler monkey is almost dead.
The howler monkey hoots and howls with incredible vigour!
You hear a shout! x3
You barely miss the howler monkey.
The howler monkey is almost dead.
The howler monkey hits you but does no damage.
You hit the howler monkey.
You kill the howler monkey!
No target in view!
No target in view!
HP restored.
An orc wizard comes into view. It is wielding a +0 dagger.
The orc wizard gestures at you while chanting.
You resist with almost no effort.
An orc wizard is nearby!
An orc wizard is nearby!
You start waiting.
An orc wizard is nearby!
You closely miss the orc wizard. You hit the orc wizard.
The orc wizard is moderately wounded.
The orc wizard misses you.
You closely miss the orc wizard.
The orc wizard is moderately wounded.
The orc wizard hits you but does no damage.
You hit the orc wizard.
The orc wizard is heavily wounded.
You hit the orc wizard.
The orc wizard is severely wounded.
The orc wizard barely misses you.
You closely miss the orc wizard.
The orc wizard is severely wounded.
The orc wizard barely misses you.
You hit the orc wizard but do no damage.
The orc wizard is severely wounded.
The orc wizard barely misses you.
You hit the orc wizard.
The orc wizard is almost dead.
You hit the orc wizard but do no damage.
The orc wizard is almost dead.
The orc wizard closely misses you.
You hit the orc wizard.
You kill the orc wizard!
No target in view!
No target in view!
Things that are here:
a +0 dagger; a +0 robe; an orc corpse You see here a howler monkey corpse.
A hound comes into view.
A hound is nearby!
A hound is nearby!
A hound is nearby!
An orc comes into view. It is wielding a +0 hand axe.
No target in view!
No target in view!
An orc comes into view. It is wielding a +0 dagger.
An orc is nearby!
An orc is nearby!
Search for what [Enter for "short", or ? for help]? dart Can't find anything matching that.
You hit the orc.
The orc is heavily wounded.
You hit the orc.
The orc is severely wounded.
The orc hits you with a +0 dagger.
You hit the orc.
The orc is severely wounded.
The orc closely misses you.
You hit the orc.
You kill the orc!
You see here a +0 dagger.
The hound barks!
You hear a shout!
You hit the hound.
The hound is lightly wounded.
The hound closely misses you.
You hit the hound.
The hound is moderately wounded.
The hound bites you.
You hit the hound.
The hound is moderately wounded.
The hound barely misses you.
You hit the hound.
The hound is heavily wounded.
The hound bites you.
You hit the hound.
The hound is severely wounded.
The hound bites you but does no damage.
You hit the hound.
The hound is severely wounded.
The hound bites you but does no damage. The hound misses you.
You hit the hound.
The hound is almost dead.
The hound closely misses you.
You hit the hound.
The hound is almost dead.
The hound misses you.
You hit the hound.
The hound is almost dead.
The hound closely misses you.
You closely miss the hound.
The hound is almost dead.
The hound bites you. The hound attacks as it pursues you!
The hound closely misses you.
You hit the hound.
You kill the hound!
Your Evocations skill increases to level 2!
You hit the orc.
The orc is severely wounded.
The orc completely misses you.
You hit the orc but do no damage.
The orc is severely wounded.
You hit the orc.
The orc is almost dead.
The orc completely misses you.
You hit the orc.
You kill the orc!
No target in view!
No target in view!
HP restored.
Items here: ) [ ††.
You see here a +0 dagger.
Found a stone staircase leading down.
There is a stone staircase leading down here.
There is a stone staircase leading down here.
Found a stone staircase leading up.
There is a stone staircase leading up here.
Items here: ) [ ††.
Things that are here:
a +0 dagger; a +0 robe; an orc corpse
Found a whip.
A phantom comes into view.
You hit the phantom but do no damage.
The phantom hits you but does no damage.
You closely miss the phantom. The phantom completely misses you.
You closely miss the phantom. You hit the phantom.
The phantom is lightly damaged.
The phantom hits you but does no damage.
You closely miss the phantom.
The phantom is lightly damaged.
The phantom hits you but does no damage.
You barely miss the phantom.
The phantom is lightly damaged.
You hit the phantom but do no damage.
The phantom is lightly damaged.
The phantom completely misses you.
You completely miss the phantom.
The phantom is lightly damaged.
The phantom barely misses you.
You hit the phantom but do no damage.
The phantom is lightly damaged.
The phantom barely misses you.
You hit the phantom.
The phantom is moderately damaged.
You closely miss the phantom.
The phantom is moderately damaged.
The phantom completely misses you.
You miss the phantom.
The phantom is moderately damaged.
The phantom barely misses you.
You hit the phantom.
The phantom is moderately damaged.
You hit the phantom.
The phantom is heavily damaged.
The phantom hits you but does no damage.
You barely miss the phantom.
The phantom is heavily damaged.
The phantom barely misses you.
You barely miss the phantom.
The phantom is heavily damaged.
You hit the phantom but do no damage.
The phantom is heavily damaged.
The phantom misses you.
You barely miss the phantom.
The phantom is heavily damaged.
The phantom closely misses you.
You miss the phantom.
The phantom is heavily damaged.
The phantom hits you but does no damage.
You barely miss the phantom.
The phantom is heavily damaged.
You hit the phantom.
The phantom is heavily damaged.
The phantom completely misses you.
You hit the phantom.
The phantom is severely damaged.
The phantom misses you.
You hit the phantom.
The phantom is almost destroyed.
You hit the phantom.
The phantom is almost destroyed.
The phantom closely misses you.
You hit the phantom.
You destroy the phantom!
Your Short Blades skill increases to level 6!
Your Stealth skill increases to level 12!
No target in view!
F - a sedimented dark potion
Found a dagger.
A wight comes into view. It is wielding a +0 scimitar.
You closely miss the wight. The wight barely misses you.
You barely miss the wight. The wight completely misses you.
You hit the wight.
The wight is lightly damaged.
You hit the wight.
The wight is lightly damaged.
The wight misses you.
You hit the wight but do no damage.
The wight is lightly damaged.
The wight closely misses you.
You hit the wight but do no damage.
The wight is lightly damaged.
You hit the wight.
The wight is lightly damaged.
The wight hits you with a +0 scimitar.
You closely miss the wight.
The wight is lightly damaged.
The wight misses you.
You hit the wight but do no damage.
The wight is lightly damaged.
You closely miss the wight.
The wight is lightly damaged.
The wight completely misses you.
You hit the wight but do no damage.
The wight is lightly damaged.
The wight misses you.
You closely miss the wight.
The wight is lightly damaged.
The wight barely misses you.
You hit the wight but do no damage.
The wight is lightly damaged.
You hit the wight.
The wight is moderately damaged.
The wight completely misses you.
You hit the wight.
The wight is heavily damaged.
The wight completely misses you.
You hit the wight.
The wight is severely damaged.
You completely miss the wight.
The wight is severely damaged.
The wight closely misses you.
You hit the wight but do no damage.
The wight is severely damaged.
The wight completely misses you.
You hit the wight but do no damage.
The wight is severely damaged.
You hit the wight.
The wight is almost destroyed.
The wight closely misses you.
You closely miss the wight.
The wight is almost destroyed.
The wight misses you.
You hit the wight.
You destroy the wight!
No target in view!
No target in view!
No target in view!
No target in view!
No target in view!
No target in view!
No target in view!
No target in view!
An iguana and a wight come into view.
There are monsters nearby!
There are monsters nearby!
A steam dragon and 2 wights come into view.
The wight completely misses you.
Found 6 gold pieces.
Press: ? - help, v - describe, . - travel
Here: a wight, wielding a +0 morningstar and wearing a +0 robe The floor.
Aiming: Mindburst
Press: ? - help, Shift-Dir - straight line, f - wight
Aim: a wight, wielding a +0 morningstar and wearing a +0 robe (chance to affect: 75%)
Okay, then.
Okay, then.
The puff of flame hits the wight.
The wight is moderately damaged.
The puff of flame hits the wight!
The wight is severely damaged.
The puff of flame hits the wight.
You destroy the wight!
The puff of flame misses the wight.
The puff of flame hits the wight!
The wight is heavily damaged.
The puff of flame hits the wight.
The wight is lightly damaged.
The puff of flame hits the wight!
The wight is severely damaged.
The puff of flame hits the wight.
You destroy the wight!
Your Evocations skill increases to level 3!
The puff of flame hits the wight.
The wight is severely damaged.
The puff of flame hits the wight.
The wight is almost destroyed.
The wight barely misses you.
You closely miss the wight.
The wight is almost destroyed.
You hit the wight but do no damage.
The wight is almost destroyed.
The wight closely misses you.
You hit the wight.
You destroy the wight!
Things that are here:
a +5 long sword; a +0 robe
Things that are here:
a +1 trident; a +0 robe
Things that are here:
a +5 long sword; a +0 robe
G - a +5 long sword
Things that are here:
a +1 trident; a +0 robe
Things that are here:
a +0 morningstar; a +0 robe An iguana is nearby!
An iguana is nearby!
An iguana is nearby!
The steam dragon hisses angrily.
Things that are here:
a +0 morningstar; a +0 robe
Aiming: Mindburst
Press: ? - help, Shift-Dir - straight line, f - steam dragon
Aim: a steam dragon (chance to affect: 77%)
The steam dragon's mind is blasted!!
Okay, then.
The steam dragon breathes steam at you.
The ball of steam is repelled.
No target in view!
You are engulfed in a cloud of scalding steam.
The iguana hisses angrily.
You hit the steam dragon.
The steam dragon is almost dead.
You are engulfed in a cloud of scalding steam.
The steam dragon bites you. The steam dragon closely misses you.
You closely miss the steam dragon.
The steam dragon is almost dead.
The steam dragon barely misses you. The steam dragon claws you.
You hit the steam dragon but do no damage.
The steam dragon is almost dead.
You hit the steam dragon.
The steam dragon is almost dead.
The steam dragon breathes steam at you. The ball of steam hits you!
* * * LOW HITPOINT WARNING * * *
The steam dragon attacks as it pursues you!
The steam dragon bites you but does no damage.
The steam dragon misses you.
You closely miss the steam dragon.
The steam dragon is almost dead.
You completely miss the steam dragon.
The steam dragon is almost dead.
The steam dragon breathes steam at you.
The ball of steam is repelled.
Aiming: Mindburst
Press: ? - help, Shift-Dir - straight line, f/p - steam dragon
Aim: a steam dragon (steam, almost dead, chance to affect: 77%)
The steam dragon barely resists.
The now-empty wand crumbles to dust.
You are engulfed in a cloud of scalding steam.
* * * LOW HITPOINT WARNING * * *
The steam dragon breathes steam at you. The ball of steam hits you!
You die...
Hepliaklqana delivers you to your ancestors.

# ###.# #.## # ##....##
#.# # .. .$....# #.# #....
.....# ##.# ..... #...#
#..# ....######..## ###..#
..##.#.#.....########...##
...#.#.##....##....)[...#
..............§D@§####..#
..............l§### ###.#
...............## ...
#.............# ...#
#...l....#...## ...#
........###...# ##......#
##.)## ##.#...# #...## #
#...# ###..###


You could see a steam dragon (catching breath) and an iguana.

Vanquished Creatures
  Sigmund (D:3)
  2 water moccasins (D:4)
  2 ogres
  2 phantoms
  A bullfrog (D:4)
  4 scorpions
  4 wights (D:6)
  2 bombardier beetles
  A howler monkey (D:6)
  An orc priest (D:5)
  A jelly (D:5)
  2 gnoll boudas
  2 hounds
  2 iguanas (D:5)
  Natasha (D:3)
  4 orc wizards
  12 gnolls
  5 adders
  4 dart slugs
  A ribbon worm (D:2)
  15 orcs
  3 ball pythons
  4 bats
  9 endoplasms
  5 giant cockroaches
  2 goblins (D:1)
  7 hobgoblins
  4 jackals
  6 kobolds
  4 quokkas (D:1)
  5 frilled lizards
  5 rats
123 creatures vanquished.

Notes
Turn   | Place    | Note
-------+----------+-------------------------------------------
     0 | D:1      | sleeves the Spriggan Shapeshifter began the quest for the
                  | Orb.
     0 | D:1      | Reached XP level 1. HP: 9/9 MP: 2/2
   104 | D:1      | HP: 4/9 [frozen (5)]
   106 | D:1      | Reached skill level 1 in Stealth
   304 | D:1      | Reached skill level 1 in Short Blades
   304 | D:1      | Reached skill level 2 in Stealth
   312 | D:1      | Reached XP level 2. HP: 13/14 MP: 3/3
   568 | D:1      | HP: 7/14 [frozen (5)]
   617 | D:1      | Reached skill level 3 in Stealth
   649 | D:1      | Reached XP level 3. HP: 17/17 MP: 4/4
   771 | D:1      | Reached skill level 2 in Short Blades
  1303 | D:2      | Found a faded altar of an unknown god.
  1368 | D:2      | Reached skill level 4 in Stealth
  1673 | D:3      | Noticed Natasha
  1776 | D:3      | Noticed Sigmund
  1858 | D:4      | Noticed a black bear
  2239 | D:4      | Found a shadowy altar of Dithmenos.
  2265 | D:4      | Reached XP level 4. HP: 19/21 MP: 5/5
  2356 | D:4      | HP: 9/21 [frozen (5)]
  2454 | D:4      | Noticed a bullfrog
  2480 | D:4      | Found a shimmering altar of Xom.
  2485 | D:4      | Reached skill level 3 in Short Blades
  2485 | D:4      | HP: 10/21 [gnoll/+0 club (5)]
  2502 | D:4      | HP: 9/21 [gnoll/+0 club (4)]
  2688 | D:3      | HP: 9/21 [burnt (3)]
  2725 | D:3      | Reached skill level 5 in Stealth
  2828 | D:3      | Killed Sigmund
  2829 | D:3      | Reached skill level 4 in Short Blades
  2829 | D:3      | Reached skill level 6 in Stealth
  2829 | D:3      | Reached XP level 5. HP: 22/25 MP: 6/6
  2829 | D:3      | Reached XP level 6. HP: 25/29 MP: 7/7
  2921 | D:3      | Found a sacrificial altar of Ru.
  3022 | D:3      | HP: 13/29 [gnoll/+0 club (5)]
  3101 | D:3      | Killed Natasha
  3102 | D:3      | Reached skill level 7 in Stealth
  3149 | D:4      | Found an ornate altar of the Wu Jian Council.
  3152 | D:4      | Found a glowing golden altar of the Shining One.
  3321 | D:4      | Reached skill level 5 in Short Blades
  3643 | D:4      | HP: 11/29 [ogre/+0 giant club (18)]
  3667 | D:4      | HP: 10/29 [frozen (4)]
  3735 | D:4      | Reached skill level 8 in Stealth
  3735 | D:4      | Reached XP level 7. HP: 24/32 MP: 8/8
  3918 | D:4      | Reached skill level 9 in Stealth
  3953 | D:4      | HP: 16/32 [gnoll/+2 vampiric whip (6)]
  4146 | D:4      | HP: 15/32 [gnoll/+0 whip (3)]
  4152 | D:4      | HP: 10/32 [gnoll/+0 whip (1)]
  4350 | D:5      | Entered Level 5 of the Dungeon
  4447 | D:5      | Reached skill level 3 in Dodging
  4813 | D:5      | Reached skill level 4 in Dodging
  4813 | D:5      | Reached skill level 10 in Stealth
  4969 | D:4      | HP: 16/32 [gnoll bouda/+0 whip (5)]
  4981 | D:4      | HP: 14/32 [gnoll bouda/+0 whip (4)]
  5376 | D:6      | Reached skill level 5 in Dodging
  5495 | D:4      | HP: 14/32 [orc wizard/puff of flame (5)]
  5608 | D:4      | Reached XP level 8. HP: 37/37 MP: 9/9
  5702 | D:5      | Reached skill level 11 in Stealth
  5728 | D:5      | Found a white marble altar of Elyvilon.
  5787 | D:5      | Reached skill level 6 in Dodging
  6230 | D:5      | Found a radiant altar of Vehumet.
  6529 | D:4      | Reached skill level 1 in Evocations
  6549 | D:5      | Reached skill level 7 in Dodging
  6626 | D:6      | Found a staircase to the Ecumenical Temple.
  6643 | Temple   | Entered the Ecumenical Temple
  6674 | Temple   | Became a worshipper of Hepliaklqana the Forgotten
  6892 | D:6      | Reached skill level 2 in Evocations
  7087 | D:6      | Reached skill level 6 in Short Blades
  7087 | D:6      | Reached skill level 12 in Stealth
  7243 | D:6      | Reached skill level 3 in Evocations
  7282 | D:6      | HP: 13/37 [steam dragon/ball of steam (16)]
  7287 | D:6      | HP: 9/37 [steam dragon] (5)]
  7287 | D:6      | Killed from afar by a steam dragon

Illustrated notes

Levels and vault maps discovered:
D:1:      lightli_arrival_lavapool, layout_basic
D:2:      layout_rooms, hellmonk_ecumenical_altar_run_dry,
          chequers_serial_rivers_large_a
D:3:      layout_basic, nicolae_ru_path_of_blood, uniq_sigmund, uniq_natasha
D:4:      layout_loops_cross, nicolae_dithmenos_the_darkroom,
          mainiacjoe_overflow_alcove_1,
          chequers_temple_overflow_statue_of_worship
D:5:      minmay_bubble_buster, layout_cave_pools, marbit_many_paths,
          vehumet_altar_wand_db, st_stairs_11
D:6:      layout_layer_cave, makhleb_heckhound_becter,
          minmay_temple_entry_antechambers
Temple:   oiseaux_autumnal_temple

Skill      XL: |  1  2  3  4  5  6  7  8 |
---------------+-------------------------+-----
Stealth        | 2 3 4 6 8 10 12 | 12.2
Short Blades   | 1 2 4 5 6 |  6.2
Dodging        | 5 7 |  7.5
Evocations     | 3 |  3.1
Fighting       | |  0.7
Unarmed Combat | |  2.4
Shapeshifting  | |  4.0

Action                     |  1- 3 |  4- 6 |  7- 9 || total
---------------------------+-------+-------+-------++-------
  Melee: Short sword       |   164 |   107 |   205 ||   476
         Unarmed           |     4 |       |       ||     4
         Dagger            |       |       |   255 ||   255
  Throw: Boomerang         |     4 |    59 |    15 ||    78
Ability: Begin Untransform |     1 |       |       ||     1
  Evoke: Wand              |       |     7 |    42 ||    49
   Stab: Sleeping          |    11 |     4 |    16 ||    31
         Distracted        |       |       |     2 ||     2
 Armour: Animal skin       |    42 |    20 |       ||    62
         Robe              |       |    25 |   119 ||   144
  Dodge: Dodged            |   113 |    85 |   256 ||   454
         Repelled          |     2 |     2 |     3 ||     7

Table legend: (Time is in decaauts)
 A = Elapsed time spent in this place.
 B = Non-inter-level travel time spent in this place.
 C = Inter-level travel time spent in this place.
 D = Time resting spent in this place.
 E = Time spent auto-exploring this place.
 F = Levels seen in this place.
 G = Mean time per level.
                   A        B        C        D        E       F      G
               +--------+--------+--------+--------+--------+-----+--------+
         Total |   5160 |   4313 |    847 |    692 |   1943 |   7 |  737.1 |
       Dungeon |   5122 |   4310 |    812 |    692 |   1943 |   6 |  853.7 |
        Temple |     38 |      4 |     34 |      0 |      0 |   1 |   38.0 |
               +--------+--------+--------+--------+--------+-----+--------+

Top non-repeatable levels by time:
     D:4: 1540 daAuts
     D:5: 1000 daAuts
     D:3: 780 daAuts
     D:1: 703 daAuts
     D:6: 606 daAuts
     D:2: 490 daAuts
  Temple: 38 daAuts
